 Dungeon Sprint DCSS version 0.18-a0-1180-g64ccc1e (webtiles) character file.

1800000 namelastname112 the Grand Master (level 18, -10/182 HPs)
             Began as a Demonspawn Monk on Jan 27, 2016.
             Was a High Priest of Makhleb.
             Mangled by a meat berserker
             ... wielding a +9 battleaxe
              (42 damage)
             ... in the Dungeon (Sprint VIII: "Arena of Blood").
             The game lasted 00:00:32 (18 turns).

namelastname112 the Grand Master (Demonspawn Monk)    Turns: 18, Time: 00:00:33

Health: -10/182    AC:  6    Str: 12    XL:     18   Next: 17%
Magic:  0/18       EV: 38    Int: 12    God:    Makhleb [*****.]
Gold:   0          SH:  4    Dex: 23    Spells: 0 memorised, 17 levels left

rFire  . . .     SeeInvis .     i - +∞ Axe of Woe
rCold  + . .     Gourm    .     a - +0 robe
rNeg   . . .     Faith    .     (shield currently unavailable)
rPois  .         Spirit   +     (no helmet)
rElec  .         Dismiss  .     (no cloak)
rCorr  .         Reflect  .     (no gloves)
SustAt .         Harm     .     (boots unavailable)
MR     +....     NoTele   +     (no amulet)
Stlth  +++++++...               (no ring)
                                (no ring)

@: somewhat resistant to hostile enchantments, extremely stealthy
A: hooves 3, large bone plates 3, cold resistance 1, powered by death 3, magic
shield, magic regeneration
a: Minor Destruction, Lesser Servant of Makhleb, Major Destruction, Greater
Servant of Makhleb, Renounce Religion


You were in the Dungeon.
You worshipped Makhleb.
Makhleb was extremely pleased with you.
You were not hungry.

You visited 1 branch

Inventory:

Hand Weapons
 i - the +∞ Axe of Woe (weapon)
   (You found it in the Dungeon)
Armour
 a - a +0 robe (worn)
Scrolls
 h - a scroll of blinking
Potions
 c - a potion of curing
 d - a potion of heal wounds
 e - a potion of haste
 f - 2 potions of magic
 g - a potion of berserk rage
Comestibles
 b - a bread ration


   Skills:
 O Level 27 Fighting
 + Level 20.7 Axes
 O Level 27 Dodging
 + Level 18.6 Stealth
 O Level 27 Unarmed Combat


You had 17 spell levels left.
You didn't know any spells.

Dungeon Overview and Level Annotations

Branches:
Dungeon (1/1)

Altars:
Makhleb


Innate Abilities, Weirdness & Mutations

You have hooves in place of feet.
You are completely covered in large bone plates (AC +4, SH +4).
Your flesh is cold resistant.
You regenerate a lot of health from kills.
When hurt, damage is shared between your health and your magic reserves.
You regenerate magic rapidly.


Message History

You hit the meat berserker.
You cleave the meat berserker in twain.
You kill the meat berserker!
Makhleb accepts your kill.
You can now summon a greater servant of Makhleb.
Your Axes skill gained 6 levels and is now at level 18!
Your Stealth skill gained 4 levels and is now at level 17!
You slash the bag of meat! You chop the bag of meat into pieces.
You kill the bag of meat!
Makhleb accepts your kill.
Your Axes skill gained 2 levels and is now at level 20!
Your Stealth skill increases to level 18!
You have reached level 18!
Your experience leads to an increase in your attributes!
Increase (S)trength, (I)ntelligence, or (D)exterity?
You feel agile.
Your demonic ancestry asserts itself...
You feel your magic shroud grow more resilient.
The meat berserker rages.
You hear a shout! x13
The meat berserker hits you with a +9 battleaxe!!!
You die...

......ooo.
.....o..C.
o.....oo.. ....oo...
#.......# .#..
#.oo....#
.....###)......###.
.....o.@O.###......
..#....)).._......
#.......#.....#.. .
........#_.<._# ...
#.......#...).#.....
..#O......._........
....o.....###.......
....###... ..###.. .
#... ..#


You could see a large bag of meat (inner flame), 2 meat berserkers and 12 bags
of meat.

Vanquished Creatures
  7 ogres (D)
  2 orcs (D)
9 creatures vanquished.

Notes
Turn   | Place    | Note
--------------------------------------------------------------
     0 | D        | namelastname112 the Demonspawn Monk began the quest for the Orb.
     0 | D        | Reached XP level 1. HP: 18/18 MP: 1/1
     4 | D        | Became a worshipper of Makhleb the Destroyer
     4 | D        | Reached * piety under Makhleb
     4 | D        | Reached ** piety under Makhleb
     7 | D        | Noticed a meat berserker
     8 | D        | Killed a meat berserker
     8 | D        | Reached skill level 15 in Fighting
     8 | D        | Reached skill level 21 in Unarmed Combat
     8 | D        | Gained mutation: You have large cloven feet. [demonic ancestry]
     8 | D        | Reached XP level 2. HP: 21/45 MP: 2/2
     8 | D        | Gained mutation: You have hoof-like feet. [demonic ancestry]
     8 | D        | Reached XP level 3. HP: 23/51 MP: 3/3
     8 | D        | Gained mutation: You are partially covered in large bone plates (AC +2, SH +2). [demonic ancestry]
     8 | D        | Reached XP level 4. HP: 26/58 MP: 4/4
     8 | D        | Reached XP level 5. HP: 28/64 MP: 5/5
     8 | D        | Reached XP level 6. HP: 31/71 MP: 6/6
     8 | D        | Gained mutation: When hurt, damage is shared between your health and your magic reserves. [demonic ancestry]
     8 | D        | Reached XP level 7. HP: 33/77 MP: 7/7
     8 | D        | Gained mutation: You are mostly covered in large bone plates (AC +3, SH +3). [demonic ancestry]
     8 | D        | Reached XP level 8. HP: 36/84 MP: 8/8
     8 | D        | Gained mutation: You have hooves in place of feet. [demonic ancestry]
     8 | D        | Reached XP level 9. HP: 39/91 MP: 9/9
     8 | D        | Gained mutation: You regenerate a little health from kills. [demonic ancestry]
     8 | D        | Reached XP level 10. HP: 42/98 MP: 10/10
     8 | D        | Reached XP level 11. HP: 44/104 MP: 11/11
     8 | D        | Gained mutation: You are completely covered in large bone plates (AC +4, SH +4). [demonic ancestry]
     8 | D        | Reached XP level 12. HP: 46/111 MP: 12/12
     8 | D        | Gained mutation: Your flesh is cold resistant. [demonic ancestry]
     8 | D        | Reached XP level 13. HP: 48/117 MP: 13/13
     9 | D        | Noticed a bag of meat
     9 | D        | Noticed a meat berserker
    12 | D        | Noticed a bag of meat
    12 | D        | Noticed a meat berserker
    13 | D        | Noticed a meat berserker
    13 | D        | Noticed a meat berserker
    14 | D        | Noticed a bag of meat
    15 | D        | Noticed a meat berserker
    15 | D        | Noticed a meat berserker
    15 | D        | Killed a meat berserker
    15 | D        | Reached skill level 1 in Axes
    15 | D        | Reached skill level 24 in Unarmed Combat
    15 | D        | Reached XP level 14. HP: 53/130 MP: 14/14
    15 | D        | Killed a meat berserker
    15 | D        | Reached *** piety under Makhleb
    15 | D        | Reached skill level 27 in Unarmed Combat
    15 | D        | Gained mutation: You regenerate health from kills. [demonic ancestry]
    15 | D        | Reached XP level 15. HP: 118/141 MP: 15/15
    16 | D        | Killed a meat berserker
    16 | D        | Reached **** piety under Makhleb
    16 | D        | Reached skill level 10 in Stealth
    16 | D        | Reached XP level 16. HP: 31/159 MP: 3/16
    16 | D        | Killed a meat berserker
    17 | D        | Noticed a meat berserker
    17 | D        | Killed a meat berserker
    17 | D        | Reached skill level 27 in Fighting
    17 | D        | Reached skill level 27 in Dodging
    17 | D        | Gained mutation: You regenerate a lot of health from kills. [demonic ancestry]
    17 | D        | Reached XP level 17. HP: 44/174 MP: 2/17
    18 | D        | Killed a meat berserker
    18 | D        | Reached ***** piety under Makhleb
    18 | D        | Gained mutation: You regenerate magic rapidly. [demonic ancestry]
    18 | D        | Reached XP level 18. HP: 25/182 MP: 1/18
    18 | D        | Mangled by a meat berserker

Vault maps used:
D:        meatsprint

Action                   |  1- 3 |  4- 6 |  7- 9 | 10-12 | 13-15 | 16-18 || total
-------------------------+-------+-------+-------+-------+-------+-------++-------
Melee: Executioner's axe |     1 |       |       |       |     2 |     2 ||     5
